 Dungeon Crawl Stone Soup version 0.27.1 (webtiles) character file.

Game seed: 13371780431242865021

3859 Malachi the Transmogrifier (level 10, 0/69 HPs)
             Began as an Octopode Transmuter on Aug 26, 2021.
             Was an Initiate of Ru.
             Slain by a troll (5 damage)
             ... on level 8 of the Dungeon.
             The game lasted 00:18:56 (9554 turns).

Malachi the Transmogrifier (Octopode Transmuter)    Turns: 9554, Time: 00:18:56

Health: 0/69       AC:  9    Str: 12    XL:     10   Next: 18%
Magic:  6/13       EV: 10    Int: 19    God:    Ru [......]
Gold:   1334       SH:  0    Dex: 12    Spells: 3/13 levels left

rFire    x . .     SeeInvis .     - Unarmed
rCold    + + +     Faith    .   (shield currently unavailable)
rNeg     . . .     Spirit   .   (helmet currently unavailable)
rPois    +         Reflect  .   l - amulet of Didacoegyo {Regen+ Str+2}
rElec    .         Harm     .   (no ring)
rCorr    .         Rampage  .   (no ring)
Will     .....                  (no ring)
Stlth    +.........             (no ring)
HPRegen  1.21/turn              (no ring)
MPRegen  0.13/turn              (no ring)
                                (no ring)
                                (no ring)

@: ice-form
A: freezing attack, boosted hp, almost no armour, amphibious, 8 rings, large,
(camouflage 1), (gelatinous body 1), (nimble swimmer 1), (tentacles)
a: End Transformation, Renounce Religion


You were on level 8 of the Dungeon.
You worshipped Ru.
Ru was noncommittal.
You were a creature of crystalline ice.
You visited 2 branches of the dungeon, and saw 9 of its levels.

You collected 1334 gold pieces.

Inventory:

Hand Weapons
 b - a +1 dagger of holy wrath
 c - a +2 dagger of venom (melded)
 t - the +7 flail "Vamnusar" {antimagic, rPois}
   (You found it on level 5 of the Dungeon)

   It reduces the magical energy of the wielder, and disrupts the spells and
   magical abilities of those it strikes.
   Natural abilities and divine invocations are not affected.
   rPois:     It protects you from poison.
Missiles
 u - 8 atropa-tipped darts
Magical Staves
 n - a staff of death
Jewellery
 d - an amulet of guardian spirit
 e - a ring of ice
 l - the amulet of Didacoegyo (around neck) {Regen+ Str+2}
   (You found it on level 5 of the Dungeon)

   [amulet of regeneration]

   Str:       It affects your strength (+2).
   Regen:     It increases your rate of health regeneration.
Wands
 x - a wand of acid (9)
Scrolls
 g - a scroll of enchant weapon {unknown}
 i - 3 scrolls of teleportation
 j - a scroll of immolation
 q - a scroll of fog
Potions
 a - a potion of brilliance
 f - a potion of cancellation
 h - 3 potions of mutation {unknown}
 k - a potion of haste {unknown}
 m - 2 potions of flight {unknown}
 o - 3 potions of degeneration {unknown}
 r - 2 potions of attraction {unknown}
 s - a potion of berserk rage {unknown}
 w - a potion of might {unknown}


   Skills:
 - Level 1.0 Fighting
 - Level 2.0 Dodging
 * Level 4.5 Unarmed Combat
 - Level 2.0 Spellcasting
 * Level 10.1 Transmutations
 - Level 3.0 Fire Magic
 - Level 7.0 Ice Magic
 - Level 7.0 Poison Magic


You had 3 spell levels left.
You knew the following spells:

 Your Spells              Type           Power      Damage    Failure   Level
a - Spider Form           Tmut/Pois      17%        N/A       1%          3
b - Ice Form              Ice/Tmut       34%        N/A       4%          4
c - Ignite Poison         Fire/Tmut/Pois 27%        N/A       3%          3

Your spell library contained the following spells:

 Spells                   Type           Power      Damage    Failure   Level
 Beastly Appendage        Tmut           80%        N/A       1%          1
 Freeze                   Ice            100%       1d11      1%          1
 Wereblood                Tmut           40%        N/A       1%          2
 Frozen Ramparts          Ice            56%        1d7       2%          3
 Foxfire                  Conj/Fire      28%        2x1d5     9%          1
 Blink                    Tloc           N/A        N/A       26%         2
 Slow                     Hex            1%         N/A       26%         2
 Conjure Flame            Conj/Fire      7%         6-21      26%         3
 Inner Flame              Hex/Fire       7%         N/A       26%         3
 Call Canine Familiar     Summ           1%         N/A       45%         3
 Confusing Touch          Hex            1%         N/A       45%         3
 Portal Projectile        Hex/Tloc       2%         N/A       45%         3
 Vampiric Draining        Necr           0%         2d6       45%         3
 Hailstorm                Conj/Ice       15%        3d5       36%         4
 Sticky Flame             Conj/Fire      7%         2d3       65%         4
 Leda's Liquefaction      Hex/Erth       0%         N/A       86%         4
 Manifold Assault         Tloc           1%         N/A       99%         5
 Storm Form               Tmut/Air       10%        N/A       100%        7


Dungeon Overview and Level Annotations

Branches:
Dungeon (8/15)             Temple (1/1) D:7            Lair (0/6) D:8

Altars:
Ashenzari
Cheibriados
Dithmenos
Elyvilon
Fedhas
Gozag
Hepliaklqana
Kikubaaqudgha
Makhleb
Nemelex Xobeh
Okawaru
Qazlal
Ru
Sif Muna
Trog
Uskayaw
Vehumet
Wu Jian
Xom
Yredelemnul
Zin
The Shining One

Shops:
D:7 **

Annotations:
D:6 exclusion: troll
D:8 Joseph


Innate Abilities, Weirdness & Mutations

You are a creature of crystalline ice.
You have a powerful freezing melee attack.
Your maximum health is increased.
Your armour is entirely melded.
You are incapable of wielding weapons or throwing items.
You cannot wear most types of armour.
You are amphibious.
You can wear up to eight rings at the same time.
((Your skin changes colour to match your surroundings (Stealth+).))
((Your rubbery body absorbs attacks. (AC +1, EV +1)))
((You are camouflaged near water. (Stealth+)))
((You have tentacles for arms and can constrict up to eight enemies at once.))


Message History

The troll is moderately wounded.
The troll misses you. The troll claws you. x2
You punch the troll! You freeze the troll!
The troll is severely wounded.
The troll barely misses you. The troll claws you. The troll barely misses you.
You barely miss the troll.
The troll is severely wounded.
The troll bites you! The troll claws you but does no damage.
The troll claws you.
You punch the troll! You freeze the troll.
The troll is almost dead.
The troll bites you but does no damage. The troll claws you.
The troll claws you!
You are too injured to fight recklessly!
You are too injured to fight recklessly!
You hit the troll but do no damage.
The troll is almost dead.
The troll bites you but does no damage. The troll claws you!
* * * LOW HITPOINT WARNING * * *
The troll closely misses you.
You barely miss the troll.
The troll is almost dead.
The troll barely misses you. x2; The troll claws you but does no damage.
Your magical contamination has completely faded away.
You barely miss the troll.
The troll is almost dead.
The troll bites you.
* * * LOW HITPOINT WARNING * * *
The troll claws you.
* * * LOW HITPOINT WARNING * * *
The troll claws you.
* * * LOW HITPOINT WARNING * * *
You barely miss the troll.
The troll is almost dead.
You hit the troll. You freeze the troll.
The troll is almost dead.
The troll bites you but does no damage. The troll claws you!
* * * LOW HITPOINT WARNING * * *
The troll claws you.
You die...

## ## #.#####.#
###.......###
............#
#.##..[T.....#
#.######Y#####
#.#..........#
#.#.####.##...#
#.#.# #.# ..#
#.#.# #.# .#
########.#.####.#
#
................#
..#
########.#.####.#
..## ######.#.#
#.###.#..


You could see a troll.

Vanquished Creatures
  Pikel (D:7)
  Maggie (D:7)
  Duvessa (D:7)
  2 water moccasins
  2 sky beasts
  2 ice beasts
  An ogre (D:7)
  A necrophage (D:5)
  2 centaurs (D:7)
  2 wolves (D:8)
  2 lemures (D:6)
  A phantom (D:8)
  A kobold brigand (D:7)
  A bullfrog (D:5)
  A scorpion (D:7)
  Dowan (D:7)
  A wyvern skeleton (D:6)
  A water moccasin skeleton (D:4)
  6 killer bees
  A howler monkey (D:5)
  3 electric eels (D:8)
  4 centaur zombies
  A jelly (D:8)
  2 orc priests (D:6)
  Crazy Yiuf (D:7)
  7 hounds
  An iguana (D:7)
  A centaur skeleton (D:7)
  Terence (D:2)
  A killer bee zombie (D:6)
  3 gnolls (D:6)
  7 adders
  A shadow imp (D:5)
  A white imp (D:5)
  2 ufetubi (D:5)
  An adder skeleton (D:5)
  A worm (D:2)
  5 dart slugs
  16 orcs
  4 ball pythons
  3 bats
  7 endoplasms
  6 giant cockroaches
  7 hobgoblins
  6 jackals
  2 quokkas
  3 frilled lizards
  8 goblins
  9 kobolds
  4 rats
149 creatures vanquished.

Notes
Turn   | Place    | Note
-------+----------+-------------------------------------------
     0 | D:1      | Malachi the Octopode Transmuter began the quest for the
                  | Orb.
     0 | D:1      | Reached XP level 1. HP: 13/13 MP: 3/3
   221 | D:1      | Reached skill level 1 in Poison Magic
   229 | D:1      | Reached XP level 2. HP: 18/18 MP: 5/5
   811 | D:1      | Reached XP level 3. HP: 23/23 MP: 4/6
   818 | D:1      | Learned a level 3 spell: Spider Form
  1304 | D:2      | Noticed Terence
  1315 | D:2      | Killed Terence
  1316 | D:2      | Reached skill level 3 in Transmutations
  1316 | D:2      | Reached XP level 4. HP: 9/28 MP: 7/7
  1777 | D:2      | Found a faded altar of an unknown god.
  2821 | D:3      | Reached XP level 5. HP: 21/33 MP: 6/8
  3632 | D:4      | Noticed a sky beast
  3650 | D:4      | Killed a sky beast
  3651 | D:4      | Reached skill level 4 in Transmutations
  3651 | D:4      | Reached XP level 6. HP: 14/38 MP: 5/9
  4568 | D:4      | Identified a scroll of acquirement
  4568 | D:4      | Acquired 950 gold pieces
  4708 | D:5      | Entered Level 5 of the Dungeon
  4708 | D:5      | Noticed a necrophage
  4735 | D:5      | Killed a necrophage
  4736 | D:5      | Reached skill level 5 in Transmutations
  4736 | D:5      | Reached skill level 5 in Poison Magic
  4857 | D:5      | Identified the amulet of Didacoegyo {Regen+ Str+2}
  4876 | D:5      | Reached XP level 7. HP: 27/43 MP: 6/10
  5245 | D:5      | HP: 2/43 [white imp (3)]
  5639 | D:5      | Reached skill level 6 in Transmutations
  5833 | D:5      | Identified the +7 flail "Vamnusar" {antimagic, rPois}
  5979 | D:6      | Learned a level 3 spell: Ignite Poison
  6012 | D:6      | Found a white marble altar of Elyvilon.
  6066 | D:6      | Learned a level 4 spell: Ice Form
  6113 | D:6      | Noticed a troll
  6239 | D:6      | Reached skill level 1 in Ice Magic
  6292 | D:6      | Reached XP level 8. HP: 30/48 MP: 9/11
  7005 | D:6      | Reached skill level 7 in Transmutations
  7096 | D:7      | Noticed Maggie
  7119 | D:7      | Killed Maggie
  7207 | D:7      | Reached skill level 8 in Transmutations
  7252 | D:7      | Reached XP level 9. HP: 39/53 MP: 10/12
  7269 | D:7      | Reached skill level 1 in Fire Magic
  7269 | D:7      | Reached skill level 5 in Ice Magic
  7290 | D:7      | Found an opulent altar of Gozag.
  7299 | D:7      | Noticed Dowan
  7300 | D:7      | Noticed Duvessa
  7312 | D:7      | Killed Duvessa
  7332 | D:7      | Killed Dowan
  7401 | D:7      | Found a staircase to the Ecumenical Temple.
  7426 | D:7      | Found a runed translucent door.
  7427 | D:7      | Noticed Crazy Yiuf
  7589 | D:7      | Found Gozag's Platinum Reserve.
  7617 | D:7      | Noticed Pikel
  7997 | D:7      | Killed Pikel
  8051 | D:7      | Reached skill level 9 in Transmutations
  8073 | D:7      | Found Zin's Purification Station.
  8073 | D:7      | Found a glowing silver altar of Zin.
  8225 | D:7      | Killed Crazy Yiuf
  8348 | Temple   | Entered the Ecumenical Temple
  8425 | Temple   | Became a worshipper of Ru the Awakened
  8573 | D:8      | Noticed a troll
  8588 | D:7      | HP: 3/63 [killer bee (3)]
  8595 | D:7      | HP: 2/63 [killer bee (4)]
  8956 | D:8      | Found a staircase to the Lair.
  9013 | D:8      | Reached XP level 10. HP: 47/58 MP: 9/13
  9110 | D:8      | Noticed Joseph
  9338 | D:8      | Reached skill level 10 in Transmutations
  9414 | D:8      | Found a shadowy altar of Dithmenos.
  9554 | D:8      | Slain by a troll

Illustrated notes

Levels and vault maps discovered:
D:1:      scummos_arrival_star, layout_loops_ring
D:2:      layout_loops_ring, shapermc_ecumenical_altar_totnotflames,
          uniq_terence
D:3:      layout_rooms
D:4:      layout_basic
D:5:      layout_cave_pools, minmay_puff
D:6:      layout_gridville, mainiacjoe_overflow_boulevard, minmay_misc_feat_five
D:7:      layout_rooms, nicolae_gozag_zags_fifth_avenue, zin_purify,
          minmay_temple_entry_statues_pillars, uniq_maggie,
          uniq_crazy_yiuf_cottage, uniq_pikel, uniq_duvessa
D:8:      layout_basic, grunt_dithmenos_shadows, erik_lair_island, uniq_joseph
Temple:   compressed_dpeg_circular_temple

Skill      XL: |  1  2  3  4  5  6  7  8  9 10 |
---------------+-------------------------------+-----
Poison Magic   | 1 2 3 4 5 7 |  7.0
Transmutations | 3 4 5 6 8 9 10 | 10.1
Ice Magic      | 1 4 7 |  7.0
Fire Magic     | 3 |  3.0
Unarmed Combat | 4 |  4.5
Fighting       | |  1.0
Dodging        | |  2.0
Spellcasting   | |  2.0

Action                   |  1- 3 |  4- 6 |  7- 9 | 10-12 || total
-------------------------+-------+-------+-------+-------++-------
Melee: Unarmed           |    36 |    47 |   349 |    41 ||   473
       Constrict         |    17 |    23 |     2 |     1 ||    43
       Tentacles         |    12 |    15 |     9 |       ||    36
       Kick              |    17 |    19 |     1 |       ||    37
       Dagger            |    26 |    85 |    20 |     3 ||   134
       Punch             |     1 |     2 |       |       ||     3
 Cast: Beastly Appendage |     9 |    12 |     2 |       ||    23
       Spider Form       |       |     4 |    22 |       ||    26
       Ignite Poison     |       |       |     1 |       ||     1
       Ice Form          |       |       |    10 |     4 ||    14
  Use: Scroll            |       |     6 |     7 |       ||    13
       Potion            |       |       |     4 |       ||     4
 Stab: Sleeping          |     2 |     2 |     4 |       ||     8
       Distracted        |       |     2 |       |       ||     2
Armor: Skin              |     4 |     3 |   103 |    25 ||   135
Dodge: Dodged            |    30 |    82 |   335 |    25 ||   472
